 Dungeon Crawl Stone Soup version 0.18.1-50-g88ac8fd (webtiles) character file.

4117 tyranidshit the Fighter (level 10, -8/104 HPs)
             Began as a Deep Dwarf Fighter on Sept 21, 2016.
             Killed by nerve-wracking pain
             ... invoked by an orc priest
              (12 damage)
             ... on level 8 of the Dungeon.
             The game lasted 00:21:19 (5944 turns).

tyranidshit the Fighter (Deep Dwarf Fighter)        Turns: 5944, Time: 00:21:19

Health: -8/104     AC: 11    Str: 24    XL:     10   Next: 6%
Magic:  8/8        EV:  8    Int:  8    God:
Gold:   855        SH:  9    Dex: 12    Spells: 0 memorised, 9 levels left

rFire  . . .     SeeInvis +     a - +1 war axe
rCold  . . .     Gourm    .     o - +1 ring mail of Generosity {rN++}
rNeg   + + .     Faith    .     c - +0 shield
rPois  .         Spirit   .     (helmet restricted)
rElec  .         Dismiss  .     (no cloak)
rCorr  .         Reflect  .     w - +2 pair of gloves
SustAt .         Harm     .     (no boots)
MR     +....                    (no amulet)
Stlth  +.........               s - ring of wizardry
                                C - ring of see invisible

@: non-regenerating, somewhat resistant to hostile enchantments, very unstealthy
A: damage resistance, recharge devices, horns 1, sense surroundings 2, slow
regeneration 3
a: Device Recharging


You were on level 8 of the Dungeon.
You were not hungry.

You visited 2 branches of the dungeon, and saw 11 of its levels.
You also visited: Ossuary.

You collected 855 gold pieces.

Inventory:

Hand Weapons
 a - a +1 war axe (weapon)
Armour
 c - a +0 shield (worn)
 o - the +1 ring mail of Generosity (worn) {rN++}
   (You found it on level 4 of the Dungeon)

   It greatly protects you from negative energy.
 w - a +2 pair of gloves (worn)
 B - a +0 helmet
Jewellery
 k - an uncursed ring of flight
 s - a ring of wizardry (right hand)
 C - a ring of see invisible (left hand)
Wands
 e - a wand of heal wounds (2/9)
 g - a wand of random effects (30/48)
 n - a wand of hasting (1/9)
 q - a wand of iceblast (8/15)
 r - a wand of iceblast (0/15)
 u - a wand of random effects (29/48)
 y - a wand of slowing (10/48)
 D - a wand of iceblast (8/15)
Scrolls
 f - 3 scrolls of enchant weapon
 h - a scroll of magic mapping
 i - 3 scrolls of blinking
 v - 3 scrolls of remove curse
 x - a scroll of teleportation
 H - a scroll of fog
 J - 2 scrolls of identify
Potions
 d - 5 potions of might
 l - 3 potions of ambrosia
 m - 5 potions of curing
 p - 5 potions of magic
 F - 2 potions of brilliance
 I - 2 potions of resistance
 L - a potion of heal wounds
Books
 b - a book of Necromancy

   Spells                             Type                      Level
   a - Pain                           Necromancy                   1
   b - Animate Skeleton               Necromancy                   1
   c - Vampiric Draining              Necromancy                   3
   d - Regeneration                   Charms/Necromancy            3
   e - Animate Dead                   Necromancy                   4
   f - Control Undead                 Necromancy                   4
Miscellaneous
 E - a phial of floods
Comestibles
 j - a meat ration
 z - 2 beef jerkies
 A - 2 slices of pizza


   Skills:
 - Level 11.0 Fighting
 + Level 6.9 Axes
 + Level 7.6 Armour
 - Level 3.2 Shields


You had 9 spell levels left.
You didn't know any spells.

Dungeon Overview and Level Annotations

Branches:
Dungeon (10/15)            Temple (1/1) D:4
   Lair: D:8-11         Orc: D:9-12

Altars:
Ashenzari
Cheibriados
Dithmenos
Elyvilon
Fedhas
Gozag
Kikubaaqudgha
Makhleb
Nemelex Xobeh
Okawaru
Pakellas
Qazlal
Ru
Sif Muna
Trog
Vehumet
Xom
Yredelemnul
Zin
The Shining One

Shops:
D:5 }   D:9 ?


Innate Abilities, Weirdness & Mutations

You are resistant to damage.
You can recharge devices by infusing magical energy.
You passively map the area around you.
You do not regenerate naturally.
You have a pair of small horns on your head.


Message History

You are too injured to fight recklessly!
The orc wizard casts a spell.
The orc wizard flickers and vanishes for a moment.
You slash the orc!
You kill the orc!
The orc priest mumbles some strange prayers to Beogh against you.
Beogh smites you!
* * * LOW HITPOINT WARNING * * *
You hit the orc priest. You headbutt the orc priest!
The orc priest is severely wounded.
You closely miss the orc priest. Your headbutt misses the orc priest.
You slash the orc priest!
You kill the orc priest!
The orc priest invokes the aid of Beogh against you.
Beogh smites you!
* * * LOW HITPOINT WARNING * * *
You closely miss the orc priest.
The orc priest invokes the aid of Beogh against you.
Pain shoots through your body!
You die...

........
, #.# ,,
,, * #.#
,, ,
,,#.# **
* * ****,
#.# ** *
#.# , , ,
# #.# * *
.###. #.#
,
.....o#)#
* **
.....oo@#
,
#########
* * * * *
*


You could see an orc priest, an orc wizard (invisible) and an orc.

Vanquished Creatures
  Joseph (D:7)
  The ghost of cedor the Skirmisher, a novice DsAM (D:5)
  The ghost of cedor the Sneak, a novice DsAK of Lugonu (D:6)
  A slime creature (D:7)
  A hungry ghost (D:7)
  A hippogriff (D:7)
  Edmund (D:5)
  Duvessa (D:7)
  An ice beast (D:5)
  4 sky beasts
  A centaur (D:4)
  A necrophage (D:6)
  An ogre (D:5)
  Blork the orc (D:4)
  Dowan (D:7)
  A scorpion (D:6)
  A water moccasin skeleton (D:8)
  2 howler monkeys (D:7)
  3 crimson imps
  A giant frog zombie (D:6)
  6 hounds
  6 orc priests
  7 jellies (D:7)
  5 orc wizards
  2 giant frog skeletons (D:5)
  Ijyb (D:3)
  Terence (D:3)
  4 worker ants
  A killer bee zombie (D:5)
  A hound zombie (D:9)
  8 mummies (Ossuary)
  Robin (D:4)
  2 howler monkey skeletons (D:5)
  4 gnolls
  11 adders
  15 oozes
  3 adder skeletons
  A worm (D:3)
  4 giant geckos
  21 orcs
  7 giant cockroaches
  5 gnoll zombies
  10 goblins
  12 hobgoblins
  10 jackals
  5 quokkas
  7 ball pythons
  10 bats
  7 giant newts
  2 hobgoblin zombies (Ossuary)
  6 kobolds
  2 kobold zombies (Ossuary)
  An orc zombie (Ossuary)
  3 rats
217 creatures vanquished.

Vanquished Creatures (others)
  An orc wizard (D:7)
  4 fungi (D:7)
5 creatures vanquished.

Grand Total: 222 creatures vanquished

Notes
Turn   | Place    | Note
--------------------------------------------------------------
     0 | D:1      | tyranidshit the Deep Dwarf Fighter began the quest for the Orb.
     0 | D:1      | Reached XP level 1. HP: 20/20 MP: 1/1
   153 | D:1      | Reached skill level 3 in Fighting
   295 | D:1      | Reached XP level 2. HP: 28/28 MP: 2/2
   656 | D:2      | Noticed an angel
   656 | D:2      | Found a shimmering altar of Xom.
   656 | D:2      | Found a glowing silver altar of Zin.
   678 | D:2      | Found a shattered altar of Ashenzari.
   733 | D:2      | Reached XP level 3. HP: 28/36 MP: 3/3
   858 | D:2      | Reached skill level 4 in Fighting
  1221 | D:2      | Reached XP level 4. HP: 41/45 MP: 4/4
  1449 | D:3      | Noticed Ijyb
  1460 | D:3      | Killed Ijyb
  1460 | D:3      | Reached skill level 5 in Fighting
  1505 | D:3      | Found a faded altar to an unknown god.
  1531 | D:3      | Noticed Terence
  1540 | D:3      | Killed Terence
  1540 | D:3      | Reached XP level 5. HP: 40/52 MP: 5/5
  1869 | D:4      | Found an iron altar of Okawaru.
  1950 | D:4      | Got an ichor-stained ring mail
  1960 | D:5      | Entered Level 5 of the Dungeon
  1966 | D:5      | Identified the cursed +1 ring mail of Generosity {rN++} (You found it on level 4 of the Dungeon)
  2013 | D:5      | Noticed an ice beast
  2036 | D:5      | HP: 1/55 [ice beast (3)]
  2062 | D:5      | Killed an ice beast
  2062 | D:5      | Reached skill level 6 in Fighting
  2062 | D:5      | Reached XP level 6. HP: 30/63 MP: 6/6
  2092 | D:5      | Found a radiant altar of Vehumet.
  2113 | D:5      | Noticed Edmund
  2128 | D:5      | Killed Edmund
  2145 | D:5      | Reached skill level 7 in Fighting
  2290 | D:5      | Reached XP level 7. HP: 35/72 MP: 7/7
  2424 | D:5      | Noticed cedor's ghost (novice DsAM)
  2436 | D:5      | Killed cedor's ghost
  2436 | D:5      | Reached skill level 8 in Fighting
  2763 | D:4      | Noticed Robin
  2771 | D:4      | Killed Robin
  2773 | D:4      | Found a staircase to the Ecumenical Temple.
  2789 | Temple   | Entered the Ecumenical Temple
  3098 | D:4      | Found a sacrificial altar of Ru.
  3098 | D:4      | Found an oddly glowing altar of Pakellas.
  3174 | D:4      | Reached skill level 9 in Fighting
  3174 | D:4      | Reached XP level 8. HP: 14/85 MP: 8/8
  3191 | D:4      | Noticed Blork the orc
  3199 | D:4      | Killed Blork the orc
  3270 | D:4      | Found a basalt altar of Yredelemnul.
  3594 | D:5      | Found Otiax's Gadget Boutique.
  4015 | D:6      | Reached skill level 10 in Fighting
  4073 | D:6      | Noticed cedor's ghost (novice DsAK)
  4137 | D:6      | Killed cedor's ghost
  4162 | D:6      | Found a blossoming altar of Fedhas.
  4274 | D:6      | Found a shadowy altar of Dithmenos.
  4370 | D:6      | Reached skill level 11 in Fighting
  4503 | D:7      | Noticed Dowan
  4507 | D:7      | Noticed Duvessa
  4521 | D:7      | Killed Duvessa
  4521 | D:7      | Gained mutation: You passively map the area around you. [Deep Dwarf growth]
  4521 | D:7      | Reached XP level 9. HP: 24/97 MP: 9/9
  4540 | D:7      | Killed Dowan
  4643 | D:7      | You fall through a shaft for 3 floors!
  4643 | D:10     | Entered Level 10 of the Dungeon
  4655 | D:9      | Found Bushrib's Magic Scroll Emporium.
  4732 | D:9      | Noticed a troll
  4795 | D:8      | HP: 3/97 [orc priest/divine providence (11)]
  4809 | D:8      | Found a sand-covered staircase.
  4859 | Ossuary  | Entered an ossuary
  5023 | Ossuary  | Gained mutation: You have a pair of small horns on your head. [potion of beneficial mutation]
  5122 | D:7      | Noticed Joseph
  5132 | D:7      | HP: 4/97 [Joseph/uncursed quarterstaff (4)]
  5139 | D:7      | Killed Joseph
  5139 | D:7      | Reached skill level 5 in Armour
  5160 | D:7      | Reached skill level 5 in Axes
  5567 | D:7      | Found a sparkling altar of Nemelex Xobeh.
  5719 | D:8      | Found a burning altar of Makhleb.
  5814 | D:8      | Reached XP level 10. HP: 29/104 MP: 8/8
  5943 | D:8      | HP: 4/104 [orc priest/divine providence (12)]
  5944 | D:8      | Killed from afar by an orc priest

Skill      XL: |  1  2  3  4  5  6  7  8  9 |
---------------+----------------------------+-----
Fighting       | 3 4 5 6 7 9 11 | 11.0
Axes           | 6 |  6.9
Armour         | 7 |  7.6
Shields        | |  3.2

Action                   |  1- 3 |  4- 6 |  7- 9 | 10-12 || total
-------------------------+-------+-------+-------+-------++-------
Melee: War axe           |   148 |   172 |   466 |    12 ||   798
       Headbutt          |       |       |    31 |     5 ||    36
 Abil: Device Recharging |       |       |     2 |       ||     2
Evoke: Wand              |       |     5 |    32 |       ||    37
  Use: Potion            |     6 |     2 |     7 |       ||    15
       Scroll            |     3 |     6 |    12 |       ||    21
  Eat: Bread ration      |       |     1 |     2 |       ||     3
       Meat ration       |       |       |     3 |       ||     3
Armor: Scale mail        |    82 |    38 |       |       ||   120
       Ring mail         |       |    39 |   236 |     4 ||   279
Dodge: Dodged            |    66 |    81 |   149 |     2 ||   298
Block: Shield            |    84 |   110 |   255 |     4 ||   453
